 Dungeon Crawl Stone Soup version 0.26-a0-690-gcb57259078 (webtiles) character file.

Game seed: 4439599424235311338

91760 SnubMonkey the Severer (level 15, -13/144 HPs)
             Began as a Minotaur Berserker on Oct 24, 2020.
             Was the Champion of Trog.
             Mangled by an enormous slime creature (60 damage)
             ... on level 2 of the Swamp.
             The game lasted 00:56:03 (25189 turns).

SnubMonkey the Severer (Minotaur Berserker)        Turns: 25189, Time: 00:56:03

Health: -13/144    AC: 33    Str: 22    XL:     15   Next: 55%
Magic:  4/4        EV:  8    Int:  8    God:    Trog [******]
Gold:   868        SH: 20    Dex: 14    Spells: 14/14 levels left

rFire    + . .     SeeInvis +   a - +5 broad axe (antimagic)
rCold    + . .     Faith    +   j - +0 tower shield
rNeg     . . .     Spirit   .   Z - +1 gold dragon scales
rPois    +         Reflect  .   (helmet restricted)
rElec    .         Harm     .   r - +1 cloak
rCorr    +         Rampage  .   G - +2 pair of gloves
MR       +....                  x - +1 pair of boots of the Planets {rCorr Int+2 SInv}
Stlth    ..........             i - amulet of faith
HPRegen  0.34/turn              W - +4 ring of protection
MPRegen  0.09/turn              O - +4 ring of evasion

@: studying Armour, very slow
A: retaliatory headbutt, horns 2
a: Berserk, Trog's Hand, Brothers in Arms, Renounce Religion


You were on level 2 of the Swamp.
You worshipped Trog.
Trog was exalted by your worship.
You visited 4 branches of the dungeon, and saw 24 of its levels.
You also visited: Sewer and Ice Cave.

You collected 2568 gold pieces.
You spent 1700 gold pieces at shops.

Inventory:

Hand Weapons
 a - a +5 antimagic broad axe (weapon)
 b - a +3 hand axe of flaming
 k - a +2 vorpal broad axe
 w - the +9 trident "Taecra Vebe" {flame, rElec rPois MP-9 Int-2}
   (You found it in an ice cave)

   It has been specially enchanted to burn those struck by it, causing extra
   injury to most foes and up to half again as much damage against particularly
   susceptible opponents.
   It affects your intelligence (-2).
   It insulates you from electricity.
   It protects you from poison.
   It affects your magic capacity (-9).
Missiles
 y - 9 curare-tipped darts
 J - 9 javelins (quivered)
Armour
 e - a scarf of invisibility
 j - a +0 tower shield (worn)
 r - a +1 cloak (worn)
 x - the +1 pair of boots of the Planets (worn) {rCorr Int+2 SInv}
   (You found it on level 6 of the Dungeon)

   It affects your intelligence (+2).
   It lets you see invisible.
   It provides partial protection from all sources of acid and corrosion.
 G - a +2 pair of gloves (worn)
 Z - +1 gold dragon scales (worn)
Jewellery
 i - an amulet of faith (around neck)
 p - an uncursed ring of see invisible
 M - a +6 ring of strength
 N - an uncursed ring of protection from fire
 O - a +4 ring of evasion (right hand)
 W - a +4 ring of protection (left hand)
Wands
 n - a wand of paralysis (31)
 B - a wand of acid (16)
 D - a wand of iceblast (11)
 F - a wand of flame (67)
 Q - a wand of enslavement (19)
 V - a wand of digging (3)
Scrolls
 c - 7 scrolls of identify
 d - 8 scrolls of fog
 q - 4 scrolls of fear
 t - a scroll of blinking
 u - 10 scrolls of remove curse
 E - 11 scrolls of teleportation
 K - 2 scrolls of torment
 P - a scroll of holy word
 S - 3 scrolls of immolation
 U - 3 scrolls of magic mapping
Potions
 f - 4 potions of lignification
 g - 10 potions of might
 l - 8 potions of mutation
 m - 13 potions of heal wounds
 o - 6 potions of invisibility
 s - 11 potions of curing
 v - 5 potions of cancellation
 A - 7 potions of haste
 C - a potion of magic
 H - 2 potions of ambrosia
 R - 4 potions of flight
Books
 z - a manual of Armour
Miscellaneous
 L - a tin of tremorstones (3/3)
 T - a phial of floods
 Y - a condenser vane (2/2)


   Skills:
 * Level 16.1 Fighting
 - Level 18.0 Axes
 + Level 14.6 Armour
 - Level 2.1 Dodging
 + Level 15.4 Shields
 + Level 5.2 Evocations


You had 14 spell levels left.
You didn't know any spells.
Your spell library contained the following spells:

 Spells                   Type           Power        Failure   Level
 Beastly Appendage        Tmut           #.....       100%        1
 Corona                   Hex            #......      100%        1
 Magic Dart               Conj           #...         100%        1
 Shock                    Conj/Air       #...         100%        1
 Sting                    Tmut/Pois      #...         100%        1
 Summon Small Mammal      Summ           #...         100%        1
 Blink                    Tloc           N/A          100%        2
 Call Imp                 Summ           #.......     100%        2
 Ensorcelled Hibernation  Hex/Ice        #.....       100%        2
 Passwall                 Tmut/Erth      #.......     100%        2
 Poisonous Vapours        Pois/Air       #.....       100%        2
 Slow                     Hex            #.......     100%        2
 Swiftness                Air            #.......     100%        2
 Wereblood                Tmut           #.......     100%        2
 Call Canine Familiar     Summ           #.......     100%        3
 Confusing Touch          Hex            #.......     100%        3
 Conjure Flame            Conj/Fire      #.......     100%        3
 Dazzling Flash           Conj/Hex       #.....       100%        3
 Ignite Poison            Fire/Tmut/Pois #.......     100%        3
 Mephitic Cloud           Conj/Pois/Air  #.......     100%        3
 Spider Form              Tmut/Pois      #.........   100%        3
 Static Discharge         Conj/Air       #.......     100%        3
 Summon Guardian Golem    Hex/Summ       #.......     100%        3
 Tukima's Dance           Hex            #.......     100%        3
 Airstrike                Air            #.........   100%        4
 Cause Fear               Hex            #.........   100%        4
 Ice Form                 Ice/Tmut       #.......     100%        4
 Iskenderun's Mystic Bla  Conj/Tloc      #.......     100%        4
 Olgreb's Toxic Radiance  Pois           #.......     100%        4
 Passage of Golubria      Tloc           N/A          100%        4
 Summon Ice Beast         Ice/Summ       #.......     100%        4
 Summon Lightning Spire   Summ/Air       #.......     100%        4
 Alistair's Intoxication  Tmut/Pois      #........    100%        5
 Blade Hands              Tmut           #.........   100%        5
 Fireball                 Conj/Fire      #.........   100%        5
 Lee's Rapid Deconstruct  Erth           #.........   100%        5
 Lightning Bolt           Conj/Air       #.........   100%        5
 Silence                  Hex/Air        #.........   100%        5
 Yara's Violent Unravell  Hex/Tmut       #.........   100%        5
 Invisibility             Hex            #.......     100%        6
 Starburst                Conj/Fire      #.........   100%        6
 Discord                  Hex            #.........   100%        8
 Ignition                 Fire           #.........   100%        8


Dungeon Overview and Level Annotations

Branches:
Dungeon (14/15)            Temple (0/1) D:6            Lair (6/6) D:11
  Swamp (2/4) Lair:3       Spider (0/4) Lair:3        Slime (0/5) Lair:6
    Orc (2/2) D:12            Elf (0/3) Orc:2        Vaults (0/5) D:14
  Sewer (visited)           IceCv (visited)

Altars:
Ashenzari
Elyvilon
Fedhas
Hepliaklqana
Kikubaaqudgha
Nemelex Xobeh
Okawaru
Qazlal
Ru
Trog
Wu Jian
Xom
Yredelemnul
Zin
The Shining One
Beogh

Shops:
D:5 *   D:14 }   Orc:2 [(*[

Annotations:
D:4 exclusion: oklob plant


Innate Abilities, Weirdness & Mutations

You reflexively headbutt those who attack you in melee.
You have a pair of horns on your head.


Message History

You hit the enormous slime creature. The enormous slime creature hits you!!!
You slash the slime creature! You headbutt the slime creature.
The slime creature is severely wounded.
You barely miss the enormous slime creature.
You block the slime creature's attack. The enormous slime creature hits you!!!
* * * LOW HITPOINT WARNING * * *
You are too injured to fight recklessly!
You are too injured to fight recklessly!
You are too injured to fight recklessly!
You are too injured to fight recklessly!
You are too injured to fight recklessly!
You are too injured to fight recklessly!
You are too injured to fight recklessly!
You are too injured to fight recklessly!
Blink to where?
Press: ? - help, Dir - move target cursor, f - you
Okay, then.
You feel much better. You block the slime creature's attack.
The enormous slime creature hits you!!!
You die...

..≈ ..≈ .≈≈. ≈≈≈ ♣≈..♣
..≈≈ ♣...♣♣♣♣ .$≈≈.
♣♣♣♣ ♣....≈♣♣..≈≈≈
≈.≈♣♣♣ ♣♣..≈≈.....>.≈
≈≈...≈♣ ♣♣≈..≈≈JJ..≈≈≈≈
≈≈≈.≈≈.♣♣♣≈..♣.≈@♣§.≈≈≈
≈≈≈.≈≈ ♣≈≈≈≈≈..(.≈♣
≈≈.≈≈♣♣♣≈.≈≈≈..§.♣♣
≈≈.♣♣♣≈..≈.≈≈.≈..♣
≈....♣♣§≈....§♣♣♣♣
.≈≈≈.♣♣.≈.≈≈..♣
♣♣≈≈≈.♣♣♣≈.≈.≈♣
≈♣♣≈≈..≈♣♣≈♣♣♣♣
.♣♣♣..≈≈..♣♣


You could see an enormous slime creature and a slime creature.

Vanquished Creatures
  Josephine (D:10)
  The ghost of Borooracs the Protected, a journeyman DDFi (Lair:3)
  A ghost crab (Swamp:1)
  A catoblepas (Lair:6)
  9 hydras
  A shambling mangrove (Swamp:1)
  A two-headed ogre (D:14)
  A vault guard (D:14)
  2 centaur warriors
  5 boulder beetles
  2 death knights (D:14)
  An alligator (Swamp:1)
  A deep troll shaman (Lair:6)
  3 death yaks (Lair:6)
  2 tengu warriors (D:14)
  Urug (D:10)
  Sonja (Orc:2)
  An unseen horror (D:10)
  A lindwurm (Lair:6)
  2 phantasmal warriors (D:14)
  A wolf spider zombie (D:14)
  3 orc knights
  A deep elf mage (D:14)
  4 oklob plants (Lair:4)
  2 manticores
  15 ugly things
  Maurice (D:12)
  5 cyclopes (D:14)
  A centaur zombie (D:11)
  9 elephants
  2 torpor snails
  An ice statue (IceCv)
  A gargoyle (D:10)
  Maggie (D:7)
  3 black mambas
  17 cane toads
  10 komodo dragons
  5 tengu conjurers (D:14)
  2 freezing wraiths (D:14)
  10 trolls
  3 hornets
  3 meliai (D:14)
  3 tyrant leeches
  A wolf spider simulacrum (D:14)
  5 polar bears
  22 blink frogs
  8 slime creatures
  3 bog bodies
  3 shadows
  2 basilisks
  3 fire bats (Lair:2)
  6 wraiths
  4 wyverns
  53 yaks
  2 steam dragons
  3 vampire mosquitoes (Swamp:1)
  3 insubstantial wisps (Swamp:1)
  5 swamp worms (Swamp:1)
  14 water moccasins
  3 swamp drakes
  31 orc warriors
  3 black bears
  9 ice beasts
  12 wolves
  15 centaurs
  A phantom (D:9)
  13 ogres
  5 big kobolds
  22 bullfrogs
  2 gnoll sergeants (D:12)
  A wyvern skeleton (D:12)
  4 scorpions
  9 wights
  24 killer bees
  An electric eel (Lair:3)
  A quasit (D:6)
  18 orc priests
  12 hounds
  19 orc wizards
  5 centaur skeletons
  2 jellies
  2 bullfrog skeletons
  3 iguanas
  Natasha (thrice) (D:3)
  3 worker ants
  6 hell rats (Lair:6)
  A killer bee zombie (D:6)
  A hound skeleton (D:4)
  Robin (D:2)
  A howler monkey skeleton (D:11)
  A howler monkey zombie (D:6)
  3 gnolls (D:12)
  11 adders
  6 river rats
  2 shadow imps
  15 white imps
  4 oozes
  2 adder skeletons
  An adder zombie (D:5)
  4 worms
  The ghost of qipq the Sneak, a weakling OpDe (D:7)
  2 dart slugs
  8 leopard geckos
  97 orcs
  5 giant cockroaches
  19 goblins
  11 hobgoblins
  11 jackals
  4 quokkas
  7 ball pythons
  5 bats
  8 frilled lizards
  A jackal skeleton (D:6)
  33 kobolds
  A quokka skeleton (D:4)
  24 rats
797 creatures vanquished.

Vanquished Creatures (collateral kills)
  2 hydras (Lair:1)
  A bullfrog (Lair:1)
3 creatures vanquished.

Vanquished Creatures (others)
  An ugly thing (IceCv)
  An ice statue (IceCv)
  An adder (Lair:3)
  24 fungi
  49 plants
76 creatures vanquished.

Grand Total: 876 creatures vanquished

Notes
Turn   | Place    | Note
-------+----------+-------------------------------------------
     0 | D:1      | SnubMonkey the Minotaur Berserker began the quest for the
                  | Orb.
     0 | D:1      | Reached XP level 1. HP: 19/19 MP: 0/0
   251 | D:1      | Reached skill level 4 in Axes
   327 | D:1      | Reached XP level 2. HP: 26/26 MP: 1/1
  1299 | D:1      | Reached skill level 1 in Shields
  1378 | D:2      | Reached XP level 3. HP: 27/31 MP: 2/2
  1381 | D:2      | Reached skill level 5 in Axes
  1784 | D:2      | Reached XP level 4. HP: 39/39 MP: 3/3
  1811 | D:2      | Found a basalt altar of Yredelemnul.
  1819 | D:2      | Reached ** piety under Trog
  2166 | D:3      | Noticed Robin
  2185 | D:2      | Killed Robin
  2212 | D:3      | Reached skill level 6 in Axes
  2312 | D:3      | Reached XP level 5. HP: 45/45 MP: 4/4
  2333 | D:3      | Found a glowing drain.
  2337 | Sewer    | Entered a sewer
  2489 | Sewer    | Reached *** piety under Trog
  2500 | Sewer    | Reached skill level 7 in Axes
  2596 | Sewer    | Reached XP level 6. HP: 43/51 MP: 5/5
  2688 | Sewer    | Reached **** piety under Trog
  3004 | D:3      | Found an iron altar of Okawaru.
  3021 | D:3      | Found a broken altar of Ashenzari.
  3031 | D:3      | Found a faded altar of an unknown god.
  3233 | D:3      | Noticed Natasha
  3252 | D:3      | Reached skill level 8 in Axes
  3258 | D:3      | Killed Natasha
  3500 | D:3      | Found a glowing golden altar of the Shining One.
  3500 | D:3      | Noticed Natasha
  3511 | D:3      | Killed Natasha
  3647 | D:3      | Found a glowing golden altar of the Shining One.
  3773 | D:3      | Found an iron altar of Okawaru.
  3775 | D:3      | Noticed Natasha
  3781 | D:3      | Killed Natasha
  3781 | D:3      | Reached XP level 7. HP: 50/57 MP: 6/6
  4030 | D:4      | Reached skill level 5 in Shields
  4076 | D:4      | Found a hazy altar of Hepliaklqana.
  4384 | D:4      | Found a shimmering altar of Xom.
  4645 | D:4      | Found a blossoming altar of Fedhas.
  4674 | D:4      | Noticed an oklob plant
  4923 | D:5      | Entered Level 5 of the Dungeon
  4967 | D:5      | Reached skill level 9 in Axes
  5038 | D:5      | Reached ***** piety under Trog
  5134 | D:5      | Found Gumyrrys's Goods Gallery.
  5462 | D:5      | Reached XP level 8. HP: 62/64 MP: 7/7
  5472 | D:5      | Reached skill level 10 in Axes
  5953 | D:6      | Identified the +1 pair of boots of the Planets {rCorr Int+2
                  | SInv} (You found it on level 6 of the Dungeon)
  5998 | D:6      | Found an ancient bone altar of Kikubaaqudgha.
  6127 | D:6      | Found a staircase to the Ecumenical Temple.
  6212 | D:6      | You fall into a shaft and drop 2 floors!
  6259 | D:7      | Reached skill level 11 in Axes
  6941 | D:7      | Found a runed translucent door.
  7106 | D:7      | Noticed Maggie
  7123 | D:7      | Killed Maggie
  7123 | D:7      | Reached skill level 12 in Axes
  7123 | D:7      | Reached XP level 9. HP: 54/71 MP: 8/8
  7183 | D:7      | Found a sacrificial altar of Ru.
  7387 | D:7      | Noticed qipq's ghost (weakling OpDe)
  7630 | D:8      | Found a stormy altar of Qazlal.
  7632 | D:8      | Received a gift from Trog
  7635 | D:8      | Got a crude battleaxe {god gift}
  7796 | D:8      | Found a bloodstained altar of Trog.
  7836 | D:8      | Found a sparkling altar of Nemelex Xobeh.
  8077 | D:8      | Found a white marble altar of Elyvilon.
  8171 | D:8      | Got a shimmering scale mail
  8316 | D:8      | Found a glowing silver altar of Zin.
  8410 | D:9      | Identified the +9 scale mail of the Wary Places {MP+9 Str+2
                  | Int+5 Dex-3} (You found it on level 8 of the Dungeon)
  8444 | D:9      | Identified the +5 battleaxe of Hobarrou {vorpal, Int+4}
                  | (Trog gifted it to you on level 8 of the Dungeon)
  8717 | D:9      | Noticed a troll
  8729 | D:9      | Killed a troll
  8729 | D:9      | Reached skill level 5 in Fighting
  8867 | D:10     | Entered Level 10 of the Dungeon
  8867 | D:10     | Noticed a gargoyle
  8885 | D:10     | Killed a gargoyle
  9027 | D:10     | Noticed a troll
  9037 | D:10     | Killed a troll
  9090 | D:10     | Noticed a cyan ugly thing
  9109 | D:10     | Killed a cyan ugly thing
  9109 | D:10     | Reached skill level 13 in Axes
  9109 | D:10     | Reached skill level 5 in Armour
  9109 | D:10     | Reached XP level 10. HP: 83/83 MP: 9/9
  9388 | D:10     | Noticed an unseen horror
  9399 | D:10     | Killed an unseen horror
  9470 | D:10     | Noticed Josephine
  9499 | D:10     | Killed Josephine
  9499 | D:10     | Reached skill level 14 in Axes
  9505 | D:10     | Reached skill level 10 in Shields
  9924 | D:10     | Received a gift from Trog
  9985 | D:10     | Noticed Urug
  9993 | D:10     | Killed Urug
  9993 | D:10     | Reached XP level 11. HP: 65/92 MP: 0/10
 10361 | D:11     | Noticed a red ugly thing
 10375 | D:11     | Killed a red ugly thing
 10515 | D:11     | Found a stormy altar of Qazlal.
 10748 | D:11     | Found a staircase to the Lair.
 10782 | D:11     | Reached skill level 15 in Axes
 11147 | Lair:1   | Entered Level 1 of the Lair of Beasts
 11581 | Lair:1   | Noticed a five-headed hydra
 11588 | Lair:1   | Noticed a five-headed hydra
 11611 | Lair:1   | Killed a five-headed hydra
 11611 | Lair:1   | Killed a five-headed hydra
 12938 | Lair:2   | Reached XP level 12. HP: 94/105 MP: 6/11
 13050 | Lair:2   | Received a gift from Trog
 13050 | Lair:2   | Reached skill level 16 in Axes
 13381 | Lair:3   | Found a staircase to the Swamp.
 13522 | Lair:3   | Found a hole to the Spider Nest.
 13636 | Lair:3   | Found a frozen archway.
 13671 | Lair:3   | Found a runed translucent door.
 13677 | IceCv    | Entered an ice cave
 13687 | IceCv    | Reached skill level 10 in Fighting
 13729 | IceCv    | Found a transporter.
 13747 | IceCv    | Found a transporter.
 13875 | IceCv    | Got a smouldering trident
 14110 | Lair:3   | Noticed Borooracs's ghost (journeyman DDFi)
 14379 | Lair:4   | Reached skill level 10 in Armour
 14610 | Lair:4   | Reached skill level 17 in Axes
 15177 | Lair:4   | Identified the +9 trident "Taecra Vebe" {flame, rElec rPois
                  | MP-9 Int-2} (You found it in an ice cave)
 15227 | Lair:5   | Received a gift from Trog
 15230 | Lair:5   | Reached XP level 13. HP: 106/115 MP: 7/12
 15511 | Lair:5   | Found an ornate altar of the Wu Jian Council.
 15600 | Lair:5   | Reached ****** piety under Trog
 16011 | Lair:6   | Entered Level 6 of the Lair of Beasts
 16275 | Lair:6   | Reached skill level 18 in Axes
 16433 | Lair:6   | Received a gift from Trog
 17069 | Lair:6   | Reached XP level 14. HP: 127/127 MP: 7/13
 17183 | Lair:6   | Found a staircase to the Slime Pits.
 17493 | Lair:6   | Got a masterwork chain mail
 17502 | Lair:6   | Identified the +4 chain mail of Surprise {*Corrode rPois
                  | rN+} (You found it on level 6 of the Lair of Beasts)
 17816 | D:12     | Paralysed by a hornet for 2 turns
 17834 | D:12     | Received a gift from Trog
 17837 | D:12     | Got a scorched war axe {god gift}
 18094 | D:12     | Found a staircase to the Orcish Mines.
 18185 | D:12     | Reached skill level 1 in Evocations
 18343 | D:12     | Noticed Maurice
 18359 | D:12     | Killed Maurice
 18359 | D:12     | Received a gift from Trog
 18546 | D:13     | Identified the +10 war axe of Fury {vorpal, Dex+7} (Trog
                  | gifted it to you on level 12 of the Dungeon)
 18707 | D:13     | Found a roughly hewn altar of Beogh.
 19675 | D:14     | Received a gift from Trog
 20293 | D:14     | Reached skill level 15 in Fighting
 20432 | D:14     | Reached XP level 15. HP: 122/141 MP: 7/14
 20470 | D:14     | Received a gift from Trog
 20701 | D:14     | Identified the Catalogue of the Puffin
 20720 | D:14     | Found Beusonku's Gadget Emporium.
 20726 | D:14     | Reached skill level 15 in Shields
 21233 | D:14     | Found a gate to the Vaults.
 21494 | D:5      | Bought +0 gold dragon scales for 1120 gold pieces
 21697 | Orc:1    | Entered Level 1 of the Orcish Mines
 21827 | Orc:2    | Entered Level 2 of the Orcish Mines
 22815 | Orc:2    | Received a gift from Trog
 23135 | Orc:2    | Noticed Sonja
 23145 | Orc:2    | Killed Sonja
 23239 | Orc:2    | Found Totein Qebru's Assorted Antiques.
 23239 | Orc:2    | Found Rebrey's Antique Weapon Emporium.
 23241 | Orc:2    | Found Ajiap's Antique Armour Shoppe.
 23243 | Orc:2    | Found Yjuadecav's Armour Boutique.
 23298 | Orc:2    | Found a staircase to the Elven Halls.
 23634 | Orc:2    | Bought a pair of runed boots for 225 gold pieces
 23634 | Orc:2    | Bought a pair of glowing boots for 225 gold pieces
 23669 | Orc:2    | Bought a potion of heal wounds for 130 gold pieces
 23868 | D:7      | Killed qipq's ghost
 24055 | Lair:3   | Killed Borooracs's ghost
 24114 | Swamp:1  | Entered Level 1 of the Swamp
 24176 | Swamp:1  | Received a gift from Trog
 24209 | Swamp:1  | You fall into a shaft and drop 1 floor!
 24551 | Swamp:1  | Reached skill level 5 in Evocations
 25189 | Swamp:2  | Mangled by an enormous slime creature

Illustrated notes

Levels and vault maps discovered:
D:1:      evilmike_arrival_rings, layout_basic
D:2:      layout_basic, old_standard_altar, minmay_goblin_kobold_house
D:3:      layout_rooms, cheibrodos_ashenzari_chains, tso_altar,
          overflow_temple_1_default, gup_sewer_entry_spiral,
          chequers_ecumenical_altar_island, uniq_natasha, uniq_robin
D:4:      cheibrodos_old_hovel, layout_basic, xom_teletrap_fun,
          lemuel_crystal_altar, hangedman_decor_lopped, tgw_fedhas
D:5:      layout_rooms, nicolae_alphabet_shops, minmay_misc_feat_secret_circle,
          minmay_fountain_box, corexii_leaking_fountain
D:6:      layout_basic, kiku_gazebo_pond_becter, minmay_temple_entry_slanted,
          grunt_ministairs_7, minmay_misc_feat_alley
D:7:      layout_basic, ebering_ghost_reflecting_pool,
          mumra_transporter_accident, eino_small_chamber_without_monster,
          nicolae_ru_great_annihilating_truth, uniq_maggie
D:8:      layout_loops_ring, kennysheep_mini_moat, lemuel_round_altar,
          nicolae_overflow_hidden_temple, lemuel_coloured_pillars_altar,
          basic_altar, feat_on_display
D:9:      layout_big_octagon
D:10:     layout_roguey, uniq_josephine, uniq_urug
D:11:     layout_loops_ring, david_lair_generic, basic_altar
D:12:     layout_small_grid, kennysheep_orc_monster_closet_entryway,
          uniq_maurice
D:13:     layout_stronghold, chequers_serial_rivers_small_a,
          david_defended_altar_orc
D:14:     layout_loops_ring, david_vaults_5, serial_shops, shop, minivault_26,
          minmay_the_grid_2x2 [minmay_the_grid_small_cups, minmay_the_grid_tree,
          minmay_the_grid_zigzag_pyramid, minmay_the_grid_prize_shrinking_boxes]
Lair:1:   layout_long_grid
Lair:2:   layout_gridlike, nicolae_quartered_pool_little, beast_lair_carwin_2,
          infiniplex_staircase_pool
Lair:3:   layout_gridlike, minmay_swamp_entry_eels, dummy_spider_entry,
          portal_ice_cave_entry_imps, ebering_ghost_reflecting_pool
Lair:4:   layout_gridlike, minmay_lair_oklob_chamber
Lair:5:   layout_gridlike, basic_altar
Lair:6:   grunt_lair_end_beastmaster, layout_hall_layers, slime_dummy,
          minivault_27, serial_bayou_ford_a, grunt_megastairs_5,
          serial_bayou_shore_b, lemuel_fruit_tree
Swamp:1:  layout_basic_swamp, nicolae_swamp_orc_logging_accident
Swamp:2:  layout_basic_swamp, lemuel_altar_in_water, swamp_pool4,
          infiniplex_staircase_pool_2
Orc:1:    layout_caves
Orc:2:    st_orc_rangers, layout_diamond_mine, nicolae_orc_pool_cavern,
          uniq_sonja

Skill      XL: |  1  2  3  4  5  6  7  8  9 10 11 12 13 14 15 |
---------------+----------------------------------------------+-----
Axes           | 4 5 6 7 8 9 12 13 14 15 17 18 | 18.0
Shields        | 1 2 3 4 6 7 9 10 11 12 13 14 15 | 15.4
Fighting       | 4 5 7 9 10 12 15 16 | 16.1
Armour         | 3 5 7 9 10 12 13 14 | 14.6
Evocations     | 3 5 |  5.2
Dodging        | |  2.1

Action                   |  1- 3 |  4- 6 |  7- 9 | 10-12 | 13-15 || total
-------------------------+-------+-------+-------+-------+-------++-------
Melee: Hand axe          |    94 |   239 |   250 |       |    80 ||   663
       Headbutt          |    14 |    38 |    73 |    99 |   280 ||   504
       War axe           |       |       |   104 |   149 |       ||   253
       Broad axe         |       |       |       |   436 |  1161 ||  1597
       Flail             |       |       |       |     6 |       ||     6
Throw: Dart              |       |       |     2 |       |       ||     2
Invok: Trog's Hand       |       |     1 |     2 |     2 |     1 ||     6
       Berserk           |       |       |     1 |       |       ||     1
       Brothers in Arms  |       |       |       |     2 |       ||     2
Evoke: Wand              |       |       |     1 |    26 |     8 ||    35
       Condenser vane    |       |       |       |       |     1 ||     1
  Use: Scroll            |       |    13 |    18 |     7 |     6 ||    44
       Potion            |       |     1 |     1 |     4 |     1 ||     7
 Stab: Paralysed         |       |       |     1 |       |     2 ||     3
       Invisible         |       |       |       |     1 |       ||     1
       Confused          |       |       |       |       |     2 ||     2
Armor: Animal skin       |     4 |       |       |       |       ||     4
       Ring mail         |    14 |     9 |       |       |       ||    23
       Scale mail        |       |    68 |    31 |   133 |   221 ||   453
       Chain mail        |       |       |    94 |       |       ||    94
       Skin              |       |       |       |    37 |       ||    37
       Gold dragon scale |       |       |       |       |   107 ||   107
Dodge: Dodged            |    22 |    49 |    44 |   108 |   299 ||   522
Block: Tower shield      |    55 |   165 |   207 |   435 |   978 ||  1840

Table legend: (Time is in decaauts)
 A = Elapsed time spent in this place.
 B = Non-inter-level travel time spent in this place.
 C = Inter-level travel time spent in this place.
 D = Time resting spent in this place.
 E = Time spent auto-exploring this place.
 F = Levels seen in this place.
 G = Mean time per level.
                   A        B        C        D        E       F      G
               +--------+--------+--------+--------+--------+-----+--------+
         Total |  25046 |  23247 |   1799 |   4965 |  13135 |  26 |  963.3 |
       Dungeon |  14738 |  13482 |   1256 |   2985 |   7676 |  14 | 1052.7 |
          Lair |   6404 |   6013 |    391 |   1362 |   3368 |   6 | 1067.3 |
         Swamp |   1092 |   1089 |      3 |    194 |    598 |   2 |  546.0 |
  Orcish Mines |   1984 |   1835 |    149 |    209 |   1126 |   2 |  992.0 |
         Sewer |    620 |    620 |      0 |     79 |    357 |   1 |  620.0 |
      Ice Cave |    206 |    206 |      0 |    135 |      9 |   1 |  206.0 |
               +--------+--------+--------+--------+--------+-----+--------+

Top non-repeatable levels by time:
    D:14: 1776 daAuts
   Orc:2: 1494 daAuts
    D:10: 1457 daAuts
     D:1: 1372 daAuts
  Lair:6: 1326 daAuts
     D:3: 1157 daAuts
  Lair:2: 1102 daAuts
     D:4: 1067 daAuts
  Lair:1: 1058 daAuts
    D:11: 1025 daAuts
  Lair:5: 1018 daAuts
    D:13: 994 daAuts
  Lair:3: 993 daAuts
     D:6: 959 daAuts
     D:5: 930 daAuts
